 Dungeon Crawl Stone Soup version 0.30-a0-368-g86fb4627a9 (webtiles) character file.

Game seed: 14491723324658573979

6377 funkygono the Thaumaturge (level 10, -3/64 HPs)
             Began as a Demonspawn Fire Elementalist on Nov 18, 2022.
             Was a Believer of Vehumet.
             Shot with an arrow by a centaur (6 damage)
             ... on level 9 of the Dungeon.
             The game lasted 00:23:35 (9942 turns).

funkygono the Thaumaturge (DsFE)                    Turns: 9942, Time: 00:23:36

Health: -3/64      AC: 26    Str:  8    XL:     10   Next: 65%
Magic:  15/32      EV: 13    Int: 21    God:    Vehumet [**....]
Gold:   443        SH:  4    Dex: 14    Spells: 11/28 levels left

rFire   . . .      SeeInvis .    n - +2 flail (vorpal)
rCold   . . .      Faith    .    (no shield)
rNeg    . . .      Spirit   .    B - +0 steam dragon scales
rPois   .          Reflect  .    o - +1 helmet
rElec   .          Harm     .    x - +1 cloak
rCorr   .          Rampage  .    (no gloves)
Will    .....                    z - +1 pair of boots
Stlth   ++........               (no amulet)
HPRegen 0.30/turn                u - ring of magical power
MPRegen 0.23/turn                q - +4 ring of protection

@: no status effects
A: molten scales 2, icemail 2, spiny 1, condensation shield
a: Renounce Religion


You were on level 9 of the Dungeon.
You worshipped Vehumet.
Vehumet was pleased with you.
You visited 2 branches of the dungeon, and saw 10 of its levels.

You collected 443 gold pieces.

Inventory:

Hand Weapons
 h - a +0 whip of distortion
 n - a +2 vorpal flail (weapon)
 t - a +1 flail of freezing
 E - a +3 whip of distortion
Armour
 a - a +0 robe
 o - a +1 helmet (worn)
 x - a +1 cloak (worn)
 z - a +1 pair of boots (worn)
 A - a +2 scale mail of poison resistance
 B - +0 steam dragon scales (worn)
 G - a +0 robe of fire resistance
Magical Staves
 c - a staff of poison
 y - a staff of conjuration
Jewellery
 j - a +6 ring of intelligence
 q - a +4 ring of protection (right hand)
 u - a ring of magical power (left hand)
 C - a ring of magical power
Wands
 r - a wand of roots (23)
 s - a wand of light (6) (quivered)
Scrolls
 f - a scroll of fear
Potions
 b - 3 potions of magic
 d - 2 potions of attraction
 e - 3 potions of might
 g - a potion of ambrosia {unknown}
 i - 2 potions of invisibility
 k - 3 potions of curing
 l - 6 potions of heal wounds
 m - a potion of flight {unknown}
 p - 2 potions of berserk rage
 v - a potion of brilliance {unknown}
 w - 4 potions of mutation
 D - 4 potions of lignification


   Skills:
 + Level 0.9 Fighting
 + Level 1.0 Maces & Flails
 + Level 3.2 Dodging
 - Level 1.7 Stealth
 + Level 0.6 Shields
 + Level 9.8 Spellcasting
 + Level 6.6 Conjurations
 + Level 9.4 Fire Magic
 + Level 0.6 Air Magic


You had 11 spell levels left.
You knew the following spells:

 Your Spells              Type           Power      Damage    Failure   Level
a - Foxfire               Conj/Fire      100%       2x1d9     1%          1
b - Scorch                Fire           100%       2d10      1%          2
c - Kindle Blastsparks    Fire/Tloc/Air  48%        2d14      4%          3
d - Flame Wave            Conj/Fire      44%        2d11      2%          4
e - Searing Ray           Conj           76%        2d7       1%          2
f - Lightning Bolt        Conj/Air       12%        1d26      38%         5

Your spell library contained the following spells:

 Spells                   Type           Power      Damage    Failure   Level
 Static Discharge         Conj/Air       50%        2-5/arc   2%          2
 Magic Dart               Conj           100%       1d8       1%          1
 Inner Flame              Hex/Fire       30%        N/A       2%          3
 Sticky Flame             Conj/Fire      44%        2d6       2%          4
 Ignite Poison            Fire/Tmut/Pois 23%        N/A       5%          3
 Apportation              Tloc           20%        N/A       6%          1
 Necrotise                Necr           40%        1d6       7%          1
 Summon Small Mammal      Summ           40%        N/A       7%          1
 Fulminant Prism          Conj/Hex       12%        3d9       17%         4
 Airstrike                Air            6%         2d(1-17)  45%         4
 Summon Lightning Spire   Summ/Air       11%        N/A       50%         4
 Cause Fear               Hex            5%         N/A       54%         4
 Dragon Form              Tmut           5%         N/A       100%        7
 Discord                  Hex            5%         N/A       100%        8
 Ignition                 Fire           25%        3d8       100%        8
 Dragon's Call            Summ           5%         N/A       100%        9


Dungeon Overview and Level Annotations

Branches:
Dungeon (9/15)             Temple (1/1) D:5
   Lair: D:8-11         Orc: D:9-12

Altars:
Cheibriados
Dithmenos
Fedhas
Gozag
Hepliaklqana
Kikubaaqudgha
Makhleb
Nemelex Xobeh
Okawaru
Qazlal
Ru
Sif Muna
Trog
Uskayaw
Vehumet
Wu Jian
Xom
Yredelemnul
Lugonu

Shops:
D:2 ?   D:5 !

Portals:
Abyss: D:5

Annotations:
D:7 2 transporters


Innate Abilities, Weirdness & Mutations

You are mostly covered in molten scales. (AC +3)
A meltable icy envelope protects you from harm. (AC +8)
You are partially covered in sharp spines.
A meltable shield of frost defends you. (SH +4)


Message History

Flames lash the yak.
The yak is almost dead.
The yak's fire resistance burns away.
The yak gores you.
* * * LOW HITPOINT WARNING * * *
Unknown command.
You hit the yak but do no damage.
The yak is almost dead.
The yak is struck by your spines.
You kill the yak!
Vehumet accepts your kill.
You feel your power returning.
A centaur opens the door.
A centaur comes into view. It is quivering atropa-tipped darts.
Items here: )) [ †.
You start resting.
Something unseen opens the door.
Casting: Scorch (safe; 1% risk of failure)
Confirm with . or Enter, or press ? or * to list all spells.
You conjure some foxfire!
The centaur wields a +0 shortbow.
The centaur shoots an arrow.
The arrow hits you.
* * * LOW HITPOINT WARNING * * *
Casting: Foxfire (safe; 1% risk of failure)
Confirm with . or Enter, or press ? or * to list all spells.
You conjure some foxfire!
The foxfire hits the centaur.
The centaur is lightly wounded.
The foxfire hits the centaur but does no damage.
The centaur is lightly wounded.
The foxfire hits the centaur.
The centaur is lightly wounded.
The centaur shoots an arrow.
The arrow hits you but does no damage.
The foxfire hits the centaur!
The centaur is heavily wounded.
The centaur shoots an arrow.
The arrow hits you but does no damage.
The centaur shoots an arrow.
The arrow hits you!
* * * LOW HITPOINT WARNING * * *
Your icy envelope is restored.
The centaur shoots an arrow.
The arrow hits you.
* * * LOW HITPOINT WARNING * * *
The centaur shoots an arrow.
The arrow hits you.
You die...

.........#.#
.........#.#.#
.........#.#.#
.........#.#.#
.......?..#.#.#
#........<.....#
#.#............#
#.....##.......###...
#..........@........>
#............#####..
##..............#
#..[.....######....
#............... ..
#.........#.....
####)#'#..# ....
#.c....'.....
#...[..#.. ..


You could see a centaur.

Vanquished Creatures
  Joseph (D:9)
  Maggie (D:6)
  A hornet (D:8)
  15 yaks
  A steam dragon (D:6)
  Edmund (D:6)
  A water moccasin (D:6)
  A sky beast (D:8)
  3 ogres
  A black bear (D:7)
  3 ice beasts
  A centaur (D:8)
  2 phantoms
  A kobold brigand (D:5)
  2 bullfrogs
  4 scorpions
  3 necrophages
  9 wights
  7 killer bees
  4 hounds
  2 jellies
  3 orc priests
  A gnoll bouda (D:5)
  5 iguanas
  Terence (D:3)
  An orc wizard (D:8)
  10 gnolls
  12 adders
  An ufetubus (D:6)
  A worm (D:3)
  2 dart slugs (D:2)
  10 orcs
  8 bats
  5 endoplasms
  3 giant cockroaches
  11 goblins
  10 hobgoblins
  5 jackals (D:1)
  4 quokkas
  7 ball pythons
  8 kobolds
  9 rats
181 creatures vanquished.

Vanquished Creatures (others)
  606 foxfires
606 creatures vanquished.

Grand Total: 787 creatures vanquished

Notes
Turn   | Place    | Note
-------+----------+-------------------------------------------
     0 | D:1      | funkygono the Demonspawn Fire Elementalist began the quest
                  | for the Orb.
     0 | D:1      | Reached XP level 1. HP: 13/13 MP: 3/3
   269 | D:1      | Gained mutation: A meltable shield of frost defends you.
                  | (SH +4) [demonic ancestry]
   269 | D:1      | Reached XP level 2. HP: 19/19 MP: 1/5
   798 | D:1      | Learned a level 2 spell: Scorch
  1414 | D:2      | Found a faded altar of an unknown god.
  1514 | D:2      | Reached XP level 3. HP: 24/24 MP: 4/6
  1710 | D:2      | Found Fuif's Magic Scroll Boutique.
  1823 | D:2      | You fall into a shaft and drop 1 floor!
  2168 | D:2      | Gained mutation: You are partially covered in molten
                  | scales. (AC +2) [demonic ancestry]
  2168 | D:2      | Reached XP level 4. HP: 30/30 MP: 5/7
  3107 | D:3      | Noticed a scorpion
  3347 | D:2      | Killed a scorpion
  3348 | D:2      | Gained mutation: A meltable icy envelope protects you from
                  | harm. (AC +8) [demonic ancestry]
  3348 | D:2      | Reached XP level 5. HP: 17/36 MP: 0/9
  3659 | D:3      | Noticed Terence
  3668 | D:3      | Killed Terence
  3847 | D:3      | Learned a level 3 spell: Kindle Blastsparks
  3852 | D:3      | Learned a level 4 spell: Flame Wave
  4452 | D:4      | Gained mutation: You are partially covered in sharp spines.
                  | [demonic ancestry]
  4452 | D:4      | Reached XP level 6. HP: 42/42 MP: 11/11
  5541 | D:4      | Learned a level 2 spell: Searing Ray
  5559 | D:5      | Entered Level 5 of the Dungeon
  5593 | D:5      | Noticed an ice beast
  5599 | D:5      | Killed an ice beast
  5600 | D:5      | Reached XP level 7. HP: 47/47 MP: 13/13
  5690 | D:5      | Noticed a +0 hand axe
  5691 | D:5      | Noticed a +0 dagger
  5694 | D:5      | Found a hide-covered altar of Uskayaw.
  5701 | D:5      | Reached skill level 5 in Fire Magic
  5777 | D:5      | Found a large runed translucent door.
  5778 | D:5      | Found a large runed translucent door.
  5856 | D:5      | Found Enneezek's Distillery.
  6060 | D:5      | Reached skill level 5 in Spellcasting
  6092 | D:5      | Found a one-way gate to the infinite horrors of the Abyss.
  6294 | D:5      | Gained mutation: You are mostly covered in molten scales.
                  | (AC +3) [demonic ancestry]
  6294 | D:5      | Reached XP level 8. HP: 53/53 MP: 16/16
  6350 | D:5      | Found a staircase to the Ecumenical Temple.
  6373 | Temple   | Entered the Ecumenical Temple
  6395 | Temple   | Became a worshipper of Vehumet
  6756 | D:5      | Found a corrupted altar of Lugonu.
  7136 | D:6      | Noticed Maggie
  7140 | D:6      | Noticed Edmund
  7154 | D:6      | Killed Maggie
  7162 | D:6      | Killed Edmund
  7443 | D:6      | Gained mutation: A meltable icy envelope protects you from
                  | harm. (AC +8) [demonic ancestry]
  7443 | D:6      | Reached XP level 9. HP: 58/58 MP: 19/19
  7854 | D:7      | Found a transporter.
  7858 | D:7      | Noticed a kobold demonologist
  8081 | D:7      | Reached skill level 5 in Conjurations
  8501 | D:7      | Found a shimmering altar of Xom.
  8543 | D:7      | Found a transporter.
  8547 | D:7      | Noticed a kobold demonologist
  8717 | D:7      | Found an iron altar of Okawaru.
  8718 | D:7      | Found an ancient bone altar of Kikubaaqudgha.
  8851 | D:7      | Reached * piety under Vehumet
  8851 | D:7      | Offered knowledge of Freeze by Vehumet.
  8914 | D:7      | Found a sparkling altar of Nemelex Xobeh.
  9018 | D:8      | Learned a level 5 spell: Lightning Bolt
  9185 | D:8      | Reached XP level 10. HP: 51/64 MP: 12/22
  9876 | D:9      | Offered knowledge of Static Discharge by Vehumet.
  9877 | D:9      | Reached ** piety under Vehumet
  9897 | D:9      | Noticed Joseph
  9925 | D:9      | Killed Joseph
  9926 | D:9      | Reached skill level 1 in Maces & Flails
  9941 | D:9      | HP: 2/64 [centaur/arrow (5)]
  9942 | D:9      | Shot with an arrow by a centaur

Illustrated notes

Levels and vault maps discovered:
D:1:      co_arrival_random_square_maze, layout_loops_corners
D:2:      layout_rooms, ebering_ecumenical_altar_webs, serial_shops, shop
D:3:      layout_basic, minmay_joined_circles, uniq_terence
D:4:      layout_loops_corners, kennysheep_little_box
D:5:      due_chaos_kobolds, layout_loops_ring, dancing_weapons_uskayaw,
          minmay_temple_entry_nine_rooms, serial_shops, shop_fountains,
          hangedman_decor_diamond_cutter
D:6:      layout_basic, grunt_decor_cap, uniq_maggie, uniq_edmund
D:7:      gammafunk_wand_slinger, layout_basic, nemelex_dance_club_becter,
          minitemple
D:8:      layout_basic
D:9:      layout_basic, uniq_joseph
Temple:   eino_wide_crystal_templ

Skill      XL: |  1  2  3  4  5  6  7  8  9 10 |
---------------+-------------------------------+-----
Dodging        | 2 3 |  3.2
Fire Magic     | 3 4 5 7 8 9 |  9.4
Conjurations   | 2 3 4 5 6 |  6.6
Spellcasting   | 3 4 5 7 8 9 |  9.8
Maces & Flails | 1 |  1.0
Fighting       | |  0.9
Stealth        | |  1.7
Shields        | |  0.6
Air Magic      | |  0.6

Action                   |  1- 3 |  4- 6 |  7- 9 | 10-12 || total
-------------------------+-------+-------+-------+-------++-------
Melee: Unarmed           |     8 |       |       |       ||     8
       Flail             |       |     5 |     3 |     8 ||    16
       Short sword       |       |     2 |       |       ||     2
 Cast: Foxfire           |    73 |   119 |   145 |    25 ||   362
       Scorch            |     1 |    25 |    55 |    13 ||    94
       Flame Wave        |       |       |     2 |     3 ||     5
       Kindle Blastspark |       |       |     1 |     1 ||     2
       Searing Ray       |       |       |     4 |     3 ||     7
  Use: Scroll            |       |    12 |     9 |     1 ||    22
Armor: Robe              |     9 |    22 |     5 |       ||    36
       Steam dragon scal |       |       |     8 |    20 ||    28
Dodge: Dodged            |    31 |    24 |    25 |    20 ||   100
Block: Other             |     1 |     8 |     8 |     4 ||    21

Table legend: (Time is in decaauts)
 A = Elapsed time spent in this place.
 B = Non-inter-level travel time spent in this place.
 C = Inter-level travel time spent in this place.
 D = Time resting spent in this place.
 E = Time spent auto-exploring this place.
 F = Levels seen in this place.
 G = Mean time per level.
                   A        B        C        D        E       F      G
               +--------+--------+--------+--------+--------+-----+--------+
         Total |   9949 |   9780 |    169 |    651 |   7225 |  10 |  994.9 |
       Dungeon |   9880 |   9720 |    160 |    651 |   7182 |   9 | 1097.8 |
        Temple |     68 |     59 |      9 |      0 |     43 |   1 |   68.0 |
               +--------+--------+--------+--------+--------+-----+--------+

Top non-repeatable levels by time:
     D:3: 1757 daAuts
     D:1: 1608 daAuts
     D:5: 1327 daAuts
     D:4: 1178 daAuts
     D:7: 1174 daAuts
     D:2: 1018 daAuts
     D:8: 904 daAuts
     D:6: 838 daAuts
     D:9: 73 daAuts
  Temple: 68 daAuts
